 Dungeon Crawl Stone Soup version 0.30-a0-389-g8d7d949f56 (webtiles) character file.

Game seed: 15420148064890920314

4935 cowcol the Basher (level 10, 0/132 HPs)
             Began as a Green Draconian Berserker on Dec 3, 2022.
             Was an Elder of Trog.
             Killed by nerve-wracking pain
             ... invoked by an orc priest
              (8 damage)
             ... on level 8 of the Dungeon.
             The game lasted 00:26:18 (8152 turns).

cowcol the Basher (Green Draconian Berserker)       Turns: 8152, Time: 00:26:19

Health: 0/132      AC:  9    Str: 21    XL:     10   Next: 27%
Magic:  10/10      EV: 14    Int:  7    God:    Trog [****..]
Gold:   366        SH:  0    Dex: 14    Spells: 9/9 levels left

rFire   + . .      SeeInvis .    E - +0 battleaxe
rCold   x . .      Faith    .    (shield currently unavailable)
rNeg    . . .      Spirit   .    (body armour unavailable)
rPois   +          Reflect  .    (helmet restricted)
rElec   .          Harm     .    C - +1 cloak
rCorr   +          Rampage  .    (no gloves)
Will    .....                    (no boots)
Stlth   ..........               (no amulet)
HPRegen 0.42/turn                b - ring of resist corrosion
MPRegen 0.12/turn                D - ring of fire

@: berserking, short of breath, very quick
A: breathe noxious fumes, AC +7, unfitting armour, poison resistance,
cold-blooded
a: Breathe Noxious Fumes, Renounce Religion, Berserk, Trog's Hand, Brothers in
Arms


You were on level 8 of the Dungeon.
You worshipped Trog.
Trog was greatly pleased with you.
You visited 1 branch of the dungeon, and saw 8 of its levels.

You collected 424 gold pieces.
You spent 58 gold pieces at shops.

Inventory:

Hand Weapons
 a - a +0 hand axe
 c - a +0 club
 d - a +0 hand axe
 e - a +0 whip
 i - a +0 short sword
 j - a +2 flail of holy wrath
 k - a +0 spear
 o - a +0 great mace
 p - a +0 long sword
 u - a +0 hammer of protection
 w - a +4 falchion of holy wrath
 E - a +0 battleaxe (weapon)
 I - a +0 dagger
Missiles
 f - 39 stones (quivered)
 g - 2 curare-tipped darts
 z - 2 throwing nets
Armour
 C - a +1 cloak (worn)
Jewellery
 b - a ring of resist corrosion (left hand)
 D - a ring of fire (right hand)
Wands
 F - a wand of mindburst (4)
 H - a wand of charming (7)
Scrolls
 h - 4 scrolls of teleportation
 r - a scroll of blinking
 s - a scroll of vulnerability
 v - 2 scrolls of torment
 y - 2 scrolls of poison
 K - a scroll of magic mapping {unknown}
Potions
 l - a potion of magic {unknown}
 m - 2 potions of berserk rage {unknown}
 n - 2 potions of curing
 q - a potion of cancellation {unknown}
 t - a potion of ambrosia {unknown}
 x - a potion of flight {unknown}
 B - 2 potions of mutation {unknown}
 G - 2 potions of degeneration {unknown}
 J - a potion of attraction {unknown}
Miscellaneous
 A - a piece from Xom's chessboard (15/15)


   Skills:
 * Level 8.0 Fighting
 - Level 2.5(3.5) Short Blades
 + Level 3.7(4.1) Long Blades
 + Level 7.0(9.1) Axes
 * Level 9.0(10.1) Maces & Flails
 + Level 0.1 Throwing
 + Level 5.6 Dodging
 + Level 3.2 Stealth


You had 9 spell levels left.
You didn't know any spells.
Your spell library contained the following spells:

 Spells                   Type           Power      Damage    Failure   Level
 Ensorcelled Hibernation  Hex/Ice        0%         N/A       56%         2
 Passwall                 Tmut/Erth      0%         N/A       56%         2
 Swiftness                Air            0%         N/A       80%         3


Dungeon Overview and Level Annotations

Branches:
Dungeon (8/15)             Temple (0/1) D:5            Lair (0/5) D:8

Altars:
Cheibriados
Gozag
Nemelex Xobeh
Sif Muna
Uskayaw
Yredelemnul

Shops:
D:4 =   D:6 (*


Innate Abilities, Weirdness & Mutations

You can breathe blasts of noxious fumes.
Your lurid green scales are hard. (AC +7)
You cannot fit into any form of body armour.
Your system is resistant to poisons. (rPois)
You are cold-blooded and may be slowed by cold attacks.


Message History

Unknown command.
Aiming: Breathe Noxious Fumes (3% risk of failure)
Press: ? - help, Shift-Dir - straight line, f - orc
Aim: an orc, wielding a +0 flail (wandering, hasn't noticed you, 59% to hit)
You exhale a blast of noxious fumes.
The blast of choking fumes engulfs the wight.
The wight completely resists.
The orc shouts!
You hear a shout! x2
An orc comes into view. It is wielding a +0 whip.
Things that are here:
a +0 battleaxe; a +0 robe
Things that are here:
a +0 trident; a +0 chain mail The wight closely misses you.
Things that are here:
a +0 battleaxe; a +0 robe You hit the wight but do no damage.
Your tail-slap misses the wight.
The wight misses you.
You slash the wight!
You destroy the wight!
Trog accepts your kill.
A red film seems to cover your vision as you go berserk!
You feel yourself moving faster!
You feel mighty! The orc misses you.
You slice the orc!!
You kill the orc!
Trog accepts your kill.
You barely miss the orc priest. The orc hits you with a +0 whip.
* * * LOW HITPOINT WARNING * * *
The orc priest calls down the wrath of Beogh upon you.
Pain shoots through your body!
* * * LOW HITPOINT WARNING * * *
Items here: ))) [[.
You barely miss the orc priest. You slash the orc!
You feel the power of Trog in you as your rage grows.
You kill the orc!
Trog accepts your kill.
The orc priest mumbles some strange prayers to Beogh against you.
Pain shoots through your body!
You die...

.......P..####....
#.#......#.>#...P
#..#.....'. #....
##..P....####...P
.....P....P..P...
####.........P.. #
###...)......PP..P
#.#o))###....P......
#..@### ##.......#..
#.)## #..##.####..
##o #.###.# #... #o
... #.###... #. #.##
#..##... #. #.
##.##... .. #
#...... .# ####..|
###.


You could see 2 orc priests and an orc.

Vanquished Creatures
  A hornet (D:6)
  Eustachio (D:4)
  6 yaks (D:7)
  5 humans (D:7)
  3 orc warriors
  3 sky beasts
  2 ice beasts
  3 black bears
  An ogre (D:4)
  4 phantoms
  A kobold brigand (D:7)
  4 bullfrogs
  A gnoll sergeant (D:7)
  4 scorpions
  A necrophage (D:4)
  4 wights (D:8)
  4 orc priests
  Crazy Yiuf (D:3)
  6 hounds
  2 jellies
  Ijyb (D:7)
  An iguana (D:5)
  3 orc wizards
  10 gnolls
  3 adders
  2 white imps
  2 ufetubi (D:6)
  2 worms
  30 orcs
  8 ball pythons
  3 bats
  12 endoplasms
  2 giant cockroaches
  10 goblins
  7 hobgoblins
  10 jackals
  6 quokkas
  2 frilled lizards (D:2)
  20 kobolds
  7 rats
198 creatures vanquished.

Vanquished Creatures (others)
  18 fungi (D:8)
  9 plants (D:8)
27 creatures vanquished.

Grand Total: 225 creatures vanquished

Notes
Turn   | Place    | Note
-------+----------+-------------------------------------------
     0 | D:1      | cowcol the Draconian Berserker began the quest for the Orb.
     0 | D:1      | Reached XP level 1. HP: 19/19 MP: 1/1
   117 | D:1      | Reached XP level 2. HP: 21/26 MP: 2/2
   695 | D:1      | Reached XP level 3. HP: 30/33 MP: 3/3
  1257 | D:2      | Reached ** piety under Trog
  1285 | D:2      | Reached XP level 4. HP: 34/40 MP: 4/4
  2064 | D:3      | Reached skill level 1 in Maces & Flails
  2245 | D:3      | Found a runed translucent door.
  2246 | D:3      | Noticed Crazy Yiuf
  2253 | D:3      | Killed Crazy Yiuf
  2254 | D:3      | Reached XP level 5. HP: 46/46 MP: 5/5
  2444 | D:3      | Noticed a phantom
  2449 | D:3      | Killed a phantom
  2449 | D:3      | Reached *** piety under Trog
  2450 | D:3      | Reached skill level 1 in Short Blades
  2450 | D:3      | Reached skill level 2 in Maces & Flails
  2450 | D:3      | Reached skill level 1 in Stealth
  2558 | D:3      | Reached skill level 3 in Maces & Flails
  2558 | D:3      | Reached XP level 6. HP: 52/52 MP: 6/6
  2728 | D:4      | Reached skill level 4 in Maces & Flails
  2782 | D:4      | Noticed Eustachio
  2796 | D:4      | Found Fyul's Jewellery Emporium.
  2828 | D:4      | Killed Eustachio
  2829 | D:4      | Reached skill level 5 in Maces & Flails
  2829 | D:4      | Your scales start taking on a lurid green colour.
  2829 | D:4      | Reached XP level 7. HP: 55/60 MP: 7/7
  2829 | D:4      | Gained mutation: Your system is resistant to poisons.
                  | (rPois) [Green Draconian growth]
  3810 | D:5      | Entered Level 5 of the Dungeon
  3921 | D:5      | Reached skill level 1 in Long Blades
  4519 | D:5      | Found a staircase to the Ecumenical Temple.
  4613 | D:5      | Reached skill level 5 in Fighting
  4613 | D:5      | Reached XP level 8. HP: 68/68 MP: 8/8
  4759 | D:6      | Found Efaoptink's Neck Hole.
  4772 | D:6      | Bought a +0 cloak for 58 gold pieces
  5132 | D:6      | Reached skill level 6 in Maces & Flails
  5279 | D:6      | Found Puod's Antique Weapon Boutique.
  5421 | D:6      | Found a shimmering blue altar of Sif Muna.
  5421 | D:6      | Found an opulent altar of Gozag.
  5421 | D:6      | Found a sparkling altar of Nemelex Xobeh.
  5421 | D:6      | Found a hide-covered altar of Uskayaw.
  5617 | D:6      | Found a snail-covered altar of Cheibriados.
  5622 | D:6      | Found a basalt altar of Yredelemnul.
  5891 | D:7      | Reached skill level 7 in Maces & Flails
  5895 | D:7      | Noticed a hornet
  6041 | D:6      | Killed a hornet
  6042 | D:6      | Reached XP level 9. HP: 32/75 MP: 9/9
  6205 | D:7      | Reached skill level 5 in Dodging
  6450 | D:7      | Noticed Ijyb
  6475 | D:7      | Reached skill level 8 in Maces & Flails
  6484 | D:7      | Killed Ijyb
  6653 | D:7      | Reached skill level 5 in Axes
  6721 | D:7      | Reached XP level 10. HP: 67/88 MP: 10/10
  8056 | D:8      | Reached **** piety under Trog
  8115 | D:8      | Found a staircase to the Lair.
  8133 | D:8      | Reached skill level 9 in Maces & Flails
  8152 | D:8      | Killed from afar by an orc priest

Illustrated notes

Levels and vault maps discovered:
D:1:      ebering_trefoil_3fold, layout_loops_ring, minmay_misc_feat_iff,
          st_stairs_12, kennysheep_crisscross
D:2:      wad_river_or_something, layout_basic, kennysheep_generic_room_4
D:3:      layout_rooms, kennysheep_generic_room_13, uniq_crazy_yiuf_cottage
D:4:      layout_rooms, serial_shops, shop, amcnicky_mini_corridor_feature,
          kennysheep_nub, uniq_eustachio
D:5:      layout_loops_ring, temple_green, hellmonk_bongcloud_opening
D:6:      layout_loops_corners, minmay_overflow_temple_hex, serial_shops,
          kennysheep_mini_moat, nicolae_shop_sticking_my_neck_out
D:7:      erik_cavepeople, layout_loops_ring
D:8:      layout_rooms, grunt_lair_entry_orc_guard_hut, fountainhead

Skill      XL: |  1  2  3  4  5  6  7  8  9 10 |
---------------+-------------------------------+-----
Dodging        | 3 4 5 |  5.6
Fighting       | 4 5 6 7 8 |  8.0
Axes           | 4 6 7 |  7.0
Maces & Flails | 1 3 5 7 8 9 |  9.0
Short Blades   | 1 2 |  2.5
Stealth        | 1 2 3 |  3.2
Long Blades    | 2 3 |  3.7
Throwing       | |  0.1

Action                   |  1- 3 |  4- 6 |  7- 9 | 10-12 || total
-------------------------+-------+-------+-------+-------++-------
Melee: Hand axe          |    98 |     2 |       |       ||   100
       Tailslap          |    11 |    17 |    33 |    11 ||    72
       Flail             |       |   126 |   122 |       ||   248
       Punch             |       |     3 |     2 |       ||     5
       Falchion          |       |       |    89 |       ||    89
       Mace              |       |       |    21 |       ||    21
       Battleaxe         |       |       |    81 |    96 ||   177
Throw: Stone             |       |     2 |       |       ||     2
Invok: Berserk           |     2 |     5 |    14 |     3 ||    24
       Trog's Hand       |       |       |     1 |     1 ||     2
 Abil: Breathe Noxious F |       |       |    12 |     3 ||    15
  Use: Scroll            |     4 |     2 |     4 |       ||    10
       Potion            |       |       |     1 |       ||     1
 Stab: Distracted        |     1 |       |     1 |       ||     2
       Sleeping          |       |     2 |       |     1 ||     3
       Confused          |       |       |     3 |       ||     3
Armor: Skin              |    27 |    55 |   122 |    36 ||   240
Dodge: Dodged            |    62 |   126 |   246 |    92 ||   526

Table legend: (Time is in decaauts)
 A = Elapsed time spent in this place.
 B = Non-inter-level travel time spent in this place.
 C = Inter-level travel time spent in this place.
 D = Time resting spent in this place.
 E = Time spent auto-exploring this place.
 F = Levels seen in this place.
 G = Mean time per level.
                   A        B        C        D        E       F      G
               +--------+--------+--------+--------+--------+-----+--------+
         Total |   8503 |   8256 |    247 |   2189 |   4093 |   8 | 1062.9 |
       Dungeon |   8503 |   8256 |    247 |   2189 |   4093 |   8 | 1062.9 |
               +--------+--------+--------+--------+--------+-----+--------+

Top non-repeatable levels by time:
     D:7: 1779 daAuts
     D:6: 1549 daAuts
     D:2: 1175 daAuts
     D:3: 1147 daAuts
     D:5: 944 daAuts
     D:1: 919 daAuts
     D:4: 699 daAuts
     D:8: 288 daAuts
